 Dungeon Crawl Stone Soup version 0.28.0-43-g3370ac3207 (webtiles) character file.

Game seed: 17753992216490623574

63 funkygono the Firebug (level 4, -6/24 HPs)
             Began as a Gargoyle Fire Elementalist on Mar 7, 2022.
             Mangled by Sigmund
             ... wielding a +0 scythe
              (7 damage)
             ... on level 2 of the Dungeon.
             The game lasted 00:02:42 (1692 turns).

funkygono the Firebug (Gargoyle Fire Elementalist)  Turns: 1692, Time: 00:02:43

Health: -6/24      AC:  6    Str: 12    XL:     4   Next: 9%
Magic:  6/7        EV: 12    Int: 17    God:
Gold:   98         SH:  0    Dex: 10    Spells: 2/8 levels left

rFire   . . .      SeeInvis .   g - staff of conjuration
rCold   . . .      Faith    .   (no shield)
rNeg    + . .      Spirit   .   a - +0 robe
rPois   ∞          Reflect  .   f - +0 helmet
rElec   +          Harm     .   (no cloak)
rCorr   .          Rampage  .   (no gloves)
Will    .....                   (no boots)
Stlth   +.........              (no amulet)
HPRegen 0.08/turn               (no ring)
MPRegen 0.10/turn               (no ring)

@: confused
A: sickness immunity, AC +3, negative energy resistance 1, electricity
resistance, torment resistance 1, petrification resistance
a: no special abilities


You were on level 2 of the Dungeon.
You visited 1 branch of the dungeon, and saw 2 of its levels.

You collected 98 gold pieces.

Inventory:

Hand Weapons
 c - a +0 club
Missiles
 b - 82 stones
Armour
 a - a +0 robe (worn)
 f - a +0 helmet (worn)
Magical Staves
 g - a staff of conjuration (weapon)
Scrolls
 e - a scroll of identify {unknown}
Potions
 d - a potion of curing {unknown}


   Skills:
 + Level 1.6 Dodging
 - Level 2.1 Stealth
 * Level 2.6 Spellcasting
 * Level 1.6 Conjurations
 * Level 4.1 Fire Magic


You had 2 spell levels left.
You knew the following spells:

 Your Spells              Type           Power      Damage    Failure   Level
a - Foxfire               Conj/Fire      72%        2x1d7     5%          1
b - Scorch                Fire           32%        2d7       4%          2
c - Conjure Flame         Conj/Fire      18%        6-21      16%         3

Your spell library contained the following spells:

 Spells                   Type           Power      Damage    Failure   Level
 Slow                     Hex            8%         N/A       19%         1
 Inner Flame              Hex/Fire       9%         N/A       22%         3
 Flame Wave               Conj/Fire      18%        2d6       47%         4
 Confusing Touch          Hex            2%         N/A       50%         3
 Vampiric Draining        Necr           2%         2d6       50%         3


Dungeon Overview and Level Annotations

Branches:
Dungeon (2/15)

Altars:
Uskayaw

Annotations:
D:2 Sigmund


Innate Abilities, Weirdness & Mutations

You are immune to sickness and miasma.
Your stone body is resilient. (AC +3)
You are immune to poison.
You resist negative energy. (rN+)
You are resistant to electric shocks. (rElec)
You are resistant to unholy torment.
You are immune to petrification.


Message History

Your magical contamination has completely faded away.
Found 29 bolts.
You now have 98 gold pieces (gained 11).
b - 82 stones (gained 20)
There is a stone staircase leading down here.
Sigmund shouts!
Sigmund drinks a potion.
Sigmund seems to speed up.
Casting: Foxfire (safe; 5% risk of failure)
Confirm with . or Enter, or press ? or * to list all spells.
You feel a surge of power!
You conjure some foxfire!
The foxfire hits Sigmund.
Sigmund is lightly wounded.
The foxfire hits Sigmund.
Sigmund is lightly wounded.
Casting: Foxfire (safe; 5% risk of failure)
Confirm with . or Enter, or press ? or * to list all spells.
You feel a surge of power!
You conjure some foxfire!
Sigmund hits you from afar with a +0 scythe!
Your foxfire dissipates!
The foxfire hits Sigmund.
Sigmund is moderately wounded.
Sigmund misses you. Sigmund casts a spell at you.
You are confused.
You bump into the rock wall.
Sigmund casts a spell at you. The puff of flame hits you!
You bump into the rock wall.
Sigmund hits you from afar with a +0 scythe.
* * * LOW HITPOINT WARNING * * *
You bump into the rock wall.
Sigmund gestures at you while chanting. The magic dart hits you.
* * * LOW HITPOINT WARNING * * *
You bump into the rock wall.
Sigmund hits you from afar with a +0 scythe.
* * * LOW HITPOINT WARNING * * *
You bump into the rock wall.
Sigmund hits you from afar with a +0 scythe!
You die...

#########.....##.#
..........._..##.#
#########......#.#
.................#
...........#####.#
............# #.#
............## #@#
.............###.#
................@#
...........#..##.#
###...#######.##.########
#.....................#
#...########.#.######.#
#...#<....##'#.######.# #
#...#####.............# #
#.....................# #
##.)..####............#


You could see Sigmund (fast).

Vanquished Creatures
  A gnoll (D:1)
  An adder (D:1)
  4 dart slugs
  3 bats
  2 endoplasms
  A giant cockroach (D:2)
  5 goblins
  4 hobgoblins
  4 kobolds
  A quokka (D:1)
  2 ball pythons (D:2)
  3 frilled lizards
  5 rats (D:1)
36 creatures vanquished.

Vanquished Creatures (others)
  114 foxfires
114 creatures vanquished.

Grand Total: 150 creatures vanquished

Notes
Turn   | Place    | Note
-------+----------+-------------------------------------------
     0 | D:1      | funkygono the Gargoyle Fire Elementalist began the quest
                  | for the Orb.
     0 | D:1      | Reached XP level 1. HP: 10/10 MP: 3/3
   128 | D:1      | Reached XP level 2. HP: 15/15 MP: 0/5
   131 | D:1      | Learned a level 2 spell: Scorch
   263 | D:1      | Reached XP level 3. HP: 19/19 MP: 0/6
   267 | D:1      | Learned a level 3 spell: Conjure Flame
   801 | D:2      | Reached skill level 4 in Fire Magic
  1229 | D:2      | Found a hide-covered altar of Uskayaw.
  1240 | D:2      | Noticed Sigmund
  1321 | D:2      | Reached XP level 4. HP: 22/24 MP: 2/7
  1690 | D:2      | HP: 1/24 [Sigmund/magic dart (2)]
  1692 | D:2      | Mangled by Sigmund

Illustrated notes

Levels and vault maps discovered:
D:1:      giann_forest_graveyard, layout_rooms
D:2:      layout_basic, basic_altar, uniq_sigmund

Skill      XL: |  1  2  3 |
---------------+----------+-----
Fire Magic     | 4 |  4.1
Dodging        | |  1.6
Stealth        | |  2.1
Spellcasting   | |  2.6
Conjurations   | |  1.6

Action                   |  1- 3 |  4- 6 || total
-------------------------+-------+-------++-------
Melee: Unarmed           |     1 |       ||     1
       Club              |     2 |       ||     2
 Cast: Foxfire           |    57 |    10 ||    67
       Scorch            |     3 |       ||     3
Armor: Robe              |     6 |       ||     6
Dodge: Dodged            |    23 |     3 ||    26
